 Dungeon Crawl Stone Soup version 0.28.0-45-g0d030f2227 (webtiles) character file.

Game seed: 14685166001753374982

184 dohliylev the Ruffian (level 5, -1/50 HPs)
             Began as a Troll Warper on May 10, 2022.
             Slain by a bullfrog (5 damage)
             ... in a sewer.
             The game lasted 00:04:47 (1692 turns).

dohliylev the Ruffian (Troll Warper)                Turns: 1692, Time: 00:04:48

Health: -1/50      AC:  5    Str: 21    XL:     5   Next: 36%
Magic:  6/6        EV: 10    Int:  9    God:
Gold:   132        SH:  0    Dex:  9    Spells: 6/6 levels left

rFire   + . .      SeeInvis .     - Unarmed
rCold   . . .      Faith    .   (no shield)
rNeg    . . .      Spirit   .   a - +0 robe
rPois   +          Reflect  .   (helmet restricted)
rElec   .          Harm     .   l - +0 cloak
rCorr   .          Rampage  .   (gloves unavailable)
Will    .....                   (boots unavailable)
Stlth   +.........              (no amulet)
HPRegen 0.96/turn               h - ring of poison resistance
MPRegen 0.10/turn               j - ring of protection from fire

@: very slow
A: large, unfitting armour, claws 3, regeneration 1, shaggy fur 1, tough skin 1
a: no special abilities


You were in a sewer.
You visited 1 branch of the dungeon, and saw 3 of its levels.
You also visited: Sewer.

You collected 132 gold pieces.

Inventory:

Missiles
 c - 5 boomerangs of dispersal (quivered)
Armour
 a - a +0 robe (worn)
 l - a +0 cloak (worn)
Jewellery
 h - a ring of poison resistance (left claw)
 j - a ring of protection from fire (right claw)
Scrolls
 b - a scroll of blinking
 d - 2 scrolls of identify {unknown}
 e - 2 scrolls of summoning {unknown}
 f - a scroll of teleportation {unknown}
 i - 2 scrolls of vulnerability {unknown}
 n - a scroll of enchant weapon {unknown}
Potions
 g - a potion of degeneration {unknown}
 k - a potion of heal wounds {unknown}
 m - 4 potions of haste {unknown}
 o - a potion of curing {unknown}
 p - a potion of might {unknown}


   Skills:
 * Level 2.6 Fighting
 + Level 0.9 Throwing
 + Level 2.5 Dodging
 + Level 4.0 Unarmed Combat
 + Level 1.3 Spellcasting
 + Level 2.6 Translocations


You had 6 spell levels left.
You didn't know any spells.
Your spell library contained the following spells:

 Spells                   Type           Power      Damage    Failure   Level
 Blink                    Tloc           10%        N/A       19%         2
 Gell's Gravitas          Tloc           5%         N/A       36%         3
 Lesser Beckoning         Tloc           5%         N/A       36%         3
 Teleport Other           Tloc           5%         N/A       36%         3
 Tukima's Dance           Hex            0%         N/A       71%         3
 Anguish                  Hex/Necr       0%         N/A       98%         4
 Manifold Assault         Tloc           5%         N/A       98%         5
 Enfeeble                 Hex            0%         N/A       100%        7


Dungeon Overview and Level Annotations

Branches:
Dungeon (3/15)              Sewer (1/1)

Altars:
Qazlal
Yredelemnul

Shops:
D:1 ?


Innate Abilities, Weirdness & Mutations

You are too large for most types of armour.
You have claws for hands.
Your natural rate of healing is unusually fast.
You are covered in fur. (AC +1)
You have tough skin. (AC +1)


Message History

The ball python hisses angrily.
You claw the ball python!
You kill the ball python!
The bullfrog hits you but does no damage.
The ball python bites you.
The ball python bites you but does no damage.
The bullfrog hits you. x2
You scratch the ball python.
You kill the ball python!
The ball python misses you.
The bullfrog hits you but does no damage.
The bullfrog closely misses you.
You scratch the ball python.
The ball python is moderately wounded.
The bullfrog closely misses you. The bullfrog barely misses you.
The ball python bites you. The endoplasm freezes you.
You are frozen.
The ball python closely misses you. The bullfrog hits you. x2
You scratch the ball python but do no damage.
The ball python is moderately wounded.
The ball python bites you but does no damage.
The endoplasm closely misses you. The bullfrog barely misses you.
The ball python bites you. The bullfrog hits you.
The ball python closely misses you.
You claw the ball python!
You kill the ball python!
The bullfrog hits you.
* * * LOW HITPOINT WARNING * * *
The bullfrog closely misses you.
The endoplasm splashes around in the water.
The ball python closely misses you. The bullfrog hits you.
* * * LOW HITPOINT WARNING * * *
You enter the shallow water.
Moving in this stuff is going to be slow.
The bullfrog hits you but does no damage.
The bullfrog hits you.
* * * LOW HITPOINT WARNING * * *
The ball python bites you but does no damage.
The bullfrog hits you.
You die...

≈≈≈≈≈# #≈≈≈≈≈≈#
≈≈≈≈≈# #S≈≈≈≈≈#
≈≈≈≈≈# #≈≈≈≈≈≈#
≈≈≈≈≈# #≈≈≈≈≈≈#
≈≈≈≈≈# #≈≈≈≈≈≈#
≈≈≈≈≈# #≈≈≈≈≈≈#
≈≈≈≈≈# #≈≈≈†J†#
..≈.≈# #≈≈≈SFF#
..[≈≈# #≈≈≈#@≈#
.≈≈≈## #≈≈≈≈#≈#
≈≈≈≈≈# #≈≈≈≈≈≈#
≈≈≈≈≈# #≈≈≈≈≈≈#
≈≈≈≈≈# #≈≈≈≈≈≈#
≈≈≈≈≈# #≈≈≈≈≈≈#
≈≈≈≈≈# #####≈≈≈≈≈≈#
≈≈..## #..##.≈≈≈..#
....r###.†##......#


You could see 2 bullfrogs, an endoplasm and 2 ball pythons.

Vanquished Creatures
  9 adders
  3 river rats (Sewer)
  2 worms (D:3)
  2 dart slugs (D:1)
  An orc (D:3)
  4 endoplasms
  2 giant cockroaches (D:2)
  3 goblins (D:2)
  3 hobgoblins
  A quokka (D:1)
  13 ball pythons
  2 bats (D:3)
  5 frilled lizards
  2 kobolds
  30 rats
82 creatures vanquished.

Notes
Turn   | Place    | Note
-------+----------+-------------------------------------------
     0 | D:1      | dohliylev the Troll Warper began the quest for the Orb.
     0 | D:1      | Reached XP level 1. HP: 19/19 MP: 1/1
    53 | D:1      | Found Ickaung's Magic Scroll Shoppe.
   160 | D:1      | Reached XP level 2. HP: 26/27 MP: 2/2
   588 | D:2      | Reached XP level 3. HP: 35/35 MP: 3/3
   767 | D:2      | Found a basalt altar of Yredelemnul.
  1326 | D:3      | Found a stormy altar of Qazlal.
  1348 | D:3      | Found a glowing drain.
  1364 | D:3      | Reached skill level 3 in Unarmed Combat
  1376 | Sewer    | Entered a sewer
  1395 | Sewer    | Reached XP level 4. HP: 41/42 MP: 5/5
  1603 | Sewer    | Reached XP level 5. HP: 23/50 MP: 6/6
  1662 | Sewer    | Reached skill level 4 in Unarmed Combat
  1692 | Sewer    | Slain by a bullfrog

Illustrated notes

Levels and vault maps discovered:
D:1:      matt_arrival_grand_opening, layout_rooms, serial_shops, shop,
          grunt_decor_resistance, serial_bayou_pond_d
D:2:      layout_loops_corners, basic_altar
D:3:      layout_loops_cross, lemuel_coloured_pillars_altar,
          grunt_qazlal_clouds, cheibrodos_sewer_entry_drain,
          dreamdust_ecumenical_altar_statues, uniq_robin
Sewer:    sewer_minmay_w

Skill      XL: |  1  2  3  4  5 |
---------------+----------------+-----
Dodging        | 2 |  2.5
Fighting       | 2 |  2.6
Unarmed Combat | 3 4 |  4.0
Throwing       | |  0.9
Spellcasting   | |  1.3
Translocations | |  2.6

Action                   |  1- 3 |  4- 6 || total
-------------------------+-------+-------++-------
Melee: Unarmed           |    79 |    97 ||   176
       Punch             |     2 |     1 ||     3
 Stab: Sleeping          |     1 |       ||     1
Armor: Robe              |    25 |    65 ||    90
Dodge: Dodged            |    31 |   102 ||   133
